 Dungeon Crawl Stone Soup version 0.30-a0-918-g0ff054e9dc (webtiles) character file.

Game seed: 973888767194754087

13 Iich the Trooper (level 2, 24/24 HPs)
             Began as a Demonspawn Fighter on Mar 20, 2023.
             Got out of the dungeon alive.
             The game lasted 00:00:53 (355 turns).

Iich the Trooper (Demonspawn Fighter)                Turns: 355, Time: 00:00:53

Health: 24/24      AC:  6    Str: 16    XL:     2   Next: 24%
Magic:  2/2        EV:  8    Int:  9    God:
Gold:   17         SH:  4    Dex: 12    Spells: 1/1 levels left

rFire   . . .      SeeInvis .    a - +0 war axe
rCold   . . .      Faith    .    c - +0 buckler
rNeg    . . .      Spirit   .    b - +0 scale mail
rPois   .          Reflect  .    (no helmet)
rElec   .          Rampage  .    (no cloak)
rCorr   .                        (no gloves)
Will    .....                    (no boots) Stlth
                                 (no amulet)
HPRegen 0.24/turn                (no ring)
MPRegen 0.08/turn                (no ring)

@: no status effects
A: demonic guardian 1
a: no special abilities


You escaped.
You visited 1 branch of the dungeon, and saw 1 of its levels.

You collected 17 gold pieces.

Inventory:

Hand Weapons
 a - a +0 war axe (weapon)
Armour
 b - a +0 scale mail (worn)
 c - a +0 buckler (worn)
Scrolls
 e - a scroll of noise {unknown}
 f - a scroll of butterflies {unknown}
 g - a scroll of brand weapon {unknown}
Potions
 d - a potion of might


   Skills:
 + Level 3.2 Fighting
 * Level 2.4 Axes
 - Level 2.6 Armour
 - Level 2.6 Shields


You had one spell level left.
You didn't know any spells.
Your spell library was empty.

Dungeon Overview and Level Annotations

Branches:
Dungeon (1/15)

Altars:


Innate Abilities, Weirdness & Mutations

A weak demonic guardian rushes to your aid.


Message History

You have reached level 2!
Your demonic ancestry asserts itself...
You feel the presence of a demonic guardian.
Health restored: 24; MP restored: 2 A dart slug comes into view.
A dart slug is nearby!
You see here a scroll labelled LINETWO KOARR.
A giant cockroach comes into view.
You slash the dart slug!
The dart slug is almost dead.
The dart slug launches a dart at you.
The slug dart hits you but does no damage.
You slash the dart slug!
You kill the dart slug!
The giant cockroach bites you but does no damage.
You barely miss the giant cockroach. The giant cockroach bites you.
The giant cockroach bites you but does no damage.
You take 1 damage, and have 23/24 hp.
You barely miss the giant cockroach. The giant cockroach barely misses you.
You slash the giant cockroach!
You kill the giant cockroach!
Health restored: 24 No target in view!
No target in view!
f - a scroll labelled LINETWO KOARR
g - a scroll labelled ECZYOL DUAMUG
(D) Dungeon
Where to? (? - help)
What level of the Dungeon? (default 1, ? - help)
There is an open door here.
Key pressed, stopping travel.
Unknown command.
(D) Dungeon
Where to? (Enter - D:1 @ (x,y), ? - help)
What level of the Dungeon? (default 1, ? - help)
You open the door.
There is an open door here.
There is a staircase leading out of the dungeon here.
Are you sure you want to leave the Dungeon?
This will make you lose the game!
You have escaped!

..# ..# ..# #.#
#.###### #####
#......# #...#
#......#####.>.####
#.#...............#
#.#...≈≈........@.#
#.###.............#
..# ###############
### #
#############.#
###.#.#...#.#.#.# #
####...#...#...#...#
#.#
.....#...#.#.#...#
##.##


There were no monsters in sight!

Vanquished Creatures
  2 dart slugs (D:1)
  2 endoplasms (D:1)
  A giant cockroach (D:1)
  A goblin (D:1)
  A kobold (D:1)
  A rat (D:1)
8 creatures vanquished.

Notes
Turn   | Place    | Note
-------+----------+-------------------------------------------
     0 | D:1      | Iich the Demonspawn Fighter began the quest for the Orb.
     0 | D:1      | Reached XP level 1. HP: 18/18 MP: 1/1
   234 | D:1      | Gained mutation: A weak demonic guardian rushes to your
                  | aid. [demonic ancestry]
   234 | D:1      | Reached XP level 2. HP: 24/24 MP: 2/2
   355 | D:$      | Got out of the dungeon alive.

Illustrated notes

Levels and vault maps discovered:
D:1:      amcnicky_arrival_blooded_trapdoor, layout_loops_corners,
          hellmonk_ecumenical_altar_defaced_shrine, minmay_misc_feat_alley

Skill      XL: |  1 |
---------------+----+-----
Axes           | 2 |  2.4
Fighting       | |  3.2
Armour         | |  2.6
Shields        | |  2.6

Action                     || total
---------------------------++-------
  Melee: War axe           ||    15
 Armour: Scale mail        ||     7
  Dodge: Dodged            ||     4
  Block: Buckler           ||     2

Table legend: (Time is in decaauts)
 A = Elapsed time spent in this place.
 B = Non-inter-level travel time spent in this place.
 C = Inter-level travel time spent in this place.
 D = Time resting spent in this place.
 E = Time spent auto-exploring this place.
 F = Levels seen in this place.
 G = Mean time per level.
                   A        B        C        D        E       F      G
               +--------+--------+--------+--------+--------+-----+--------+
         Total |    361 |    258 |    103 |      0 |    211 |   1 |  361.0 |
       Dungeon |    361 |    258 |    103 |      0 |    211 |   1 |  361.0 |
               +--------+--------+--------+--------+--------+-----+--------+

Top non-repeatable levels by time:
     D:1: 361 daAuts
